 Dungeon Crawl Stone Soup version 0.24.0-123-gd5b16e6ec5 (webtiles) character file.

Game seed: 6651752639277731303, levelgen mode: deterministic

490 Vno the Basher (level 6, -1/57 HPs)
             Began as a Minotaur Berserker on Nov 11, 2019.
             Was a Priest of Trog.
             Succumbed to an orc's poison
             ... on level 5 of the Dungeon on Dec 16, 2019.
             The game lasted 00:11:40 (3298 turns).

Vno the Basher (Minotaur Berserker)                 Turns: 3298, Time: 00:11:41

Health: -1/57      AC:  2    Str: 23    XL:     6   Next: 90%
Magic:  5/5        EV: 12    Int:  4    God:    Trog [***...]
Gold:   216        SH:  0    Dex: 14    Spells: 5/5 levels left

rFire    . . .     SeeInvis +   a - +0 mace
rCold    . . .     Gourm    .   (no shield)
rNeg     . . .     Faith    .   b - +0 animal skin
rPois    .         Spirit   .   (helmet restricted)
rElec    .         Reflect  .   (no cloak)
rCorr    .         Harm     .   (no gloves)
MR       .....                  (no boots)
Stlth    +.........             (no amulet)
HPRegen  0.19/turn              j - ring of see invisible
MPRegen  0.09/turn              m - +4 ring of dexterity

@: lethally poisoned (-1 -> -24)
A: retaliatory headbutt, horns 2
a: Berserk, Trog's Hand, Renounce Religion


You were on level 5 of the Dungeon.
You worshipped Trog.
Trog was most pleased with you.
You were hungry.

You visited 1 branch of the dungeon, and saw 5 of its levels.

You collected 216 gold pieces.

Inventory:

Hand Weapons
 a - a +0 mace (weapon)
 f - a +0 hand axe of venom
 i - a +2 dagger of protection
Armour
 b - a +0 animal skin (worn)
Jewellery
 j - a ring of see invisible (left hand)
 m - a +4 ring of dexterity (right hand)
Wands
 n - a wand of digging (9)
Scrolls
 e - 5 scrolls of identify {unknown}
 g - 4 scrolls of enchant armour {unknown}
Potions
 d - 3 potions of heal wounds {unknown}
 h - 3 potions of curing {unknown}
 k - a potion of mutation {unknown}
Comestibles
 c - 5 rations
 l - 6 chunks of flesh


   Skills:
 + Level 5.9 Fighting
 + Level 8.2 Maces & Flails
 - Level 2.4 Armour
 - Level 2.2 Dodging


You had 5 spell levels left.
You didn't know any spells.
Your spell library was empty.

Dungeon Overview and Level Annotations

Branches:
Dungeon (5/15)
 Temple: D:4-7

Altars:
Ashenzari
Zin


Innate Abilities, Weirdness & Mutations

You reflexively headbutt those who attack you in melee.
You have a pair of horns on your head.


Message History

You are lethally poisoned!
You are feeling hungry.
You barely miss the frilled lizard.
* * * LOW HITPOINT WARNING * * *
You feel sick.
The orc hits you from afar with a +0 trident of venom.
* * * LOW HITPOINT WARNING * * *
You are more poisoned.
The frilled lizard unfolds its giant frill.
The frilled lizard barely misses you.
* * * LOW HITPOINT WARNING * * *
You feel sick.
* * * LOW HITPOINT WARNING * * *
You feel very sick.
* * * LOW HITPOINT WARNING * * *
You feel sick.
You sock the frilled lizard!
You kill the frilled lizard!
Trog accepts your kill.
You die...

#. #. #. #.## ..# ( #.#
#.. #.################
#..###.............<..#
#...)o..@.....#######.#
.....!#########.#######.#
..... .........))).....#
##.. ##.#####.######..#
#. #.# ...# # ..# .#.##
...# #.#.# ....# # #.#
####.# #.#


You could see an orc.

Vanquished Creatures
  An ogre (D:3)
  A crimson imp (D:5)
  A hound (D:4)
  2 orc wizards
  An orc priest (D:5)
  A centaur skeleton (D:5)
  A worker ant (D:4)
  A hound skeleton (D:5)
  A worker ant zombie (D:5)
  5 adders
  2 oozes (D:1)
  An adder zombie (D:5)
  5 worms
  2 dart slugs
  4 leopard geckos
  16 orcs
  12 giant cockroaches
  9 goblins
  10 hobgoblins
  3 jackals (D:1)
  3 kobolds
  A quokka (D:2)
  A ball python (D:1)
  3 bats
  5 frilled lizards
  A giant cockroach zombie (D:3)
  3 rats
96 creatures vanquished.

Notes
Turn   | Place    | Note
-------+----------+-------------------------------------------
     0 | D:1      | Vno the Minotaur Berserker began the quest for the Orb.
     0 | D:1      | Reached XP level 1. HP: 19/19 MP: 0/0
    59 | D:1      | Reached skill level 4 in Maces & Flails
   186 | D:1      | Reached XP level 2. HP: 27/27 MP: 1/1
   764 | D:2      | Reached XP level 3. HP: 32/33 MP: 2/2
   955 | D:2      | Found a glowing silver altar of Zin.
   979 | D:2      | Found a shattered altar of Ashenzari.
  1037 | D:2      | Reached ** piety under Trog
  1039 | D:2      | Reached skill level 5 in Maces & Flails
  1262 | D:2      | Reached XP level 4. HP: 39/41 MP: 3/3
  1448 | D:2      | Upgraded the game from 0.24.0-28-g17ded55e90 to
                  | 0.24.0-123-gd5b16e6ec5
  2051 | D:3      | Reached skill level 5 in Fighting
  2268 | D:3      | Found a shattered altar of Ashenzari.
  2284 | D:3      | Reached XP level 5. HP: 35/48 MP: 4/4
  2287 | D:3      | Reached skill level 6 in Maces & Flails
  2655 | D:4      | Noticed an ogre
  2765 | D:3      | Killed an ogre
  2765 | D:3      | Reached skill level 7 in Maces & Flails
  2765 | D:3      | Reached XP level 6. HP: 56/56 MP: 5/5
  3079 | D:5      | Entered Level 5 of the Dungeon
  3097 | D:5      | Reached *** piety under Trog
  3112 | D:5      | Reached skill level 8 in Maces & Flails
  3297 | D:5      | HP: 1/57 [poisoned by an orc]
  3298 | D:5      | Succumbed to an orc's poison

Levels and vault maps discovered:
D:1:      erik_arrival_gehennom, layout_basic
D:2:      layout_loops_cross, lemuel_crystal_altar, zin_scriptorium,
          first_ration
D:3:      minmay_roachtagon, layout_basic, cheibrodos_ashenzari_chains
D:4:      minmay_chambers_of_twos, layout_layer_cave, serial_shops, shop
D:5:      layout_loops_ring, minmay_temple_entry_nine_rooms

Skill      XL: |  1  2  3  4  5  6 |
---------------+-------------------+-----
Maces & Flails | 4 5 7 8 |  8.2
Fighting       | 4 5 |  5.9
Armour         | |  2.4
Dodging        | |  2.2

Action                   |  1- 3 |  4- 6 || total
-------------------------+-------+-------++-------
Melee: Mace              |    61 |   130 ||   191
       Headbutt          |    10 |    28 ||    38
Invok: Berserk           |       |     1 ||     1
 Stab: Sleeping          |     2 |     2 ||     4
  Eat: Chunk             |     1 |     7 ||     8
Armor: Animal skin       |    10 |    14 ||    24
Dodge: Dodged            |    39 |    78 ||   117
